 Dungeon Crawl Stone Soup version 0.26-a0-20-g5f92b90 (webtiles) character file.

Game seed: 13695183474233973146, levelgen mode: deterministic

832 thirtiethelement the Skirmisher (level 7, -10/60 HPs)
             Began as a Gnoll Abyssal Knight on May 25, 2020.
             Was a Priest of Lugonu.
             Mangled by an ogre
             ... wielding a +0 giant spiked club
              (26 damage)
             ... on level 5 of the Dungeon.
             The game lasted 00:17:22 (4043 turns).

thirtiethelement the Skirmisher (GnAK)              Turns: 4043, Time: 00:17:22

Health: -10/60     AC:  5    Str: 17    XL:     7   Next: 98%
Magic:  11/11      EV: 15    Int: 14    God:    Lugonu [***...]
Gold:   226        SH:  0    Dex: 24    Spells: 11/11 levels left

rFire    . . .     SeeInvis +   e - +11 great sword "Vycs" {vorpal, MR+++ Dex+4 Stlth-}
rCold    . . .     Gourm    .   (shield currently unavailable)
rNeg     . . .     Faith    .   b - +1 leather armour
rPois    .         Spirit   .   (no helmet)
rElec    .         Reflect  .   (no cloak)
rCorr    .         Harm     .   h - +0 pair of gloves
MR       +++..                  (no boots)
Stlth    ++........             (no amulet)
HPRegen  0.20/turn              f - +6 ring of dexterity
MPRegen  0.12/turn              s - ring of see invisible

@: no status effects
A: distributed training, fangs 1, strong nose
a: Depart the Abyss, Bend Space, Banish, Renounce Religion


You were on level 5 of the Dungeon.
You worshipped Lugonu.
Lugonu was most pleased with you.
You were not hungry.

You visited 2 branches of the dungeon, and saw 6 of its levels.
You visited the Abyss 1 time.

You collected 226 gold pieces.

Inventory:

Hand Weapons
 a - a +1 spear
 e - the +11 great sword "Vycs" (weapon) {vorpal, MR+++ Dex+4 Stlth-}
   (You found it on level 2 of the Abyss)

   It inflicts extra damage upon your enemies.
   It affects your dexterity (+4).
   It affects your resistance to hostile enchantments.
   It makes you less stealthy.
 g - a +5 lajatang
Missiles
 m - 17 poisoned darts (quivered)
Armour
 b - a +1 leather armour (worn)
 h - a +0 pair of gloves (worn)
Jewellery
 f - a +6 ring of dexterity (left hand)
 l - an uncursed ring of poison resistance
 s - a ring of see invisible (right hand)
 u - an uncursed ring of ice
Wands
 k - a wand of digging (6)
 t - a wand of enslavement (9)
Scrolls
 d - 7 scrolls of teleportation
 r - 2 scrolls of remove curse
 v - a scroll of enchant weapon
Potions
 i - a potion of lignification {unknown}
 j - a potion of magic {unknown}
 n - a potion of flight {unknown}
 o - a potion of degeneration {unknown}
 p - 2 potions of heal wounds {unknown}
 q - 2 potions of haste
 w - a potion of curing
Comestibles
 c - 4 rations


   Skills:
 + Level 7.1 Fighting
 + Level 2.7 Short Blades
 + Level 2.7 Long Blades
 + Level 2.7 Axes
 + Level 2.7 Maces & Flails
 + Level 5.4 Polearms
 + Level 2.7 Staves
 + Level 2.7 Slings
 + Level 2.7 Bows
 + Level 2.7 Crossbows
 + Level 2.7 Throwing
 + Level 5.4 Armour
 + Level 3.8 Dodging
 + Level 2.7 Stealth
 + Level 2.7 Shields
 + Level 2.7 Unarmed Combat
 + Level 2.7 Spellcasting
 + Level 2.2 Conjurations
 + Level 2.2 Hexes
 + Level 2.2 Charms
 + Level 2.2 Summonings
 + Level 2.2 Necromancy
 + Level 2.2 Translocations
 + Level 2.2 Transmutations
 + Level 2.2 Fire Magic
 + Level 2.2 Ice Magic
 + Level 2.2 Air Magic
 + Level 2.2 Earth Magic
 + Level 2.2 Poison Magic
 + Level 5.5 Invocations
 + Level 2.7 Evocations


You had 11 spell levels left.
You didn't know any spells.
Your spell library was empty.

Dungeon Overview and Level Annotations

Branches:
Dungeon (5/15)             Temple (1/1) D:4

Altars:
Ashenzari
Cheibriados
Dithmenos
Fedhas
Gozag
Hepliaklqana
Makhleb
Nemelex Xobeh
Okawaru
Qazlal
Ru
Sif Muna
Trog
Uskayaw
Vehumet
Wu Jian
Xom
Yredelemnul
Zin
The Shining One


Innate Abilities, Weirdness & Mutations

Your experience applies equally to all skills.
You have very sharp teeth.
Your uncanny sense of smell can sniff out nearby items.


Message History

You slice the orc!!
You kill the orc!
Lugonu accepts your kill.
Throwing (i - inventory)
m - 18 poisoned darts (quivered)
Press: ? - help, Shift-Dir - straight line, f - ogre
Aim: an ogre, wielding a +0 giant spiked club You throw a poisoned dart.
The poisoned dart barely misses the ogre.
You barely miss the ogre. You bite the ogre.
The ogre is lightly wounded.
The ogre hits you with a +0 giant spiked club!
You barely miss the ogre.
The ogre is lightly wounded.
The ogre closely misses you.
You slash the ogre!
The ogre is heavily wounded.
The ogre hits you with a +0 giant spiked club!!
* * * LOW HITPOINT WARNING * * *
The ogre hits you with a +0 giant spiked club!!
You die...

...#......#.#
##≈≈≈≈≈..
###†####.##.# #.(#
##≈≈≈... #.# #.# .#
#..# ###..## #.# #.#
##..# ∆ .....# #.#
∆....∆ .......# #.#
#..## ########
###.### ...
......####### #O#
###.#.......# #@# ###
#.#######.# #)# ....
#.# #.# #.###..#
#.#######.####......#
#..................##
####################


You could see an ogre.

Vanquished Creatures
  A black bear (D:3)
  2 sky beasts (D:5)
  A bullfrog (D:5)
  5 orc wizards
  An orc priest (D:3)
  2 bullfrog skeletons (D:4)
  2 worker ants (D:4)
  4 gnolls (D:4)
  A howler monkey skeleton (D:4)
  6 adders
  2 oozes
  2 worms
  4 dart slugs
  2 leopard geckos
  17 orcs
  6 bats
  5 giant cockroaches
  7 goblins
  8 hobgoblins
  9 kobolds
  A quokka (D:4)
  2 frilled lizards (D:3)
  12 rats
102 creatures vanquished.

Vanquished Creatures (others)
  A howler monkey (D:4)
  An adder (D:4)
  A giant cockroach (D:4)
  A ball python (D:4)
4 creatures vanquished.

Grand Total: 106 creatures vanquished

Notes
Turn   | Place    | Note
-------+----------+-------------------------------------------
     0 | Abyss:1  | thirtiethelement the Gnoll Abyssal Knight began the quest
                  | for the Orb.
     0 | Abyss:1  | Reached XP level 1. HP: 23/23 MP: 3/3
     0 | Abyss:1  | Found a corrupted altar of Lugonu.
    45 | Abyss:2  | Got a dazzling great sword
    60 | Abyss:2  | Noticed a tentacled starspawn
    92 | Abyss:4  | Found a corrupted altar of Lugonu.
    96 | Abyss:4  | Noticed a spatial maelstrom
    98 | Abyss:4  | Noticed a spatial vortex
   101 | Abyss:4  | Noticed a spatial vortex
   102 | D:1      | Escaped the Abyss
   103 | D:1      | Identified the +11 great sword "Vycs" {vorpal, MR+++ Dex+4
                  | Stlth-} (You found it on level 2 of the Abyss)
   180 | D:1      | Reached XP level 2. HP: 29/29 MP: 5/5
   184 | D:1      | Reached * piety under Lugonu
   349 | D:1      | Reached XP level 3. HP: 27/35 MP: 6/6
   934 | D:2      | Reached skill level 1 in Short Blades
   934 | D:2      | Reached skill level 1 in Long Blades
   934 | D:2      | Reached skill level 1 in Axes
   934 | D:2      | Reached skill level 1 in Maces & Flails
   934 | D:2      | Reached skill level 1 in Staves
   934 | D:2      | Reached skill level 1 in Slings
   934 | D:2      | Reached skill level 1 in Bows
   934 | D:2      | Reached skill level 1 in Crossbows
   934 | D:2      | Reached skill level 1 in Throwing
   934 | D:2      | Reached skill level 1 in Stealth
   934 | D:2      | Reached skill level 1 in Shields
   934 | D:2      | Reached skill level 1 in Unarmed Combat
   934 | D:2      | Reached skill level 1 in Spellcasting
   934 | D:2      | Reached skill level 1 in Evocations
   934 | D:2      | Reached XP level 4. HP: 28/41 MP: 7/7
  1383 | D:3      | Reached ** piety under Lugonu
  1417 | D:3      | Noticed a black bear
  1537 | D:3      | Reached skill level 1 in Conjurations
  1537 | D:3      | Reached skill level 1 in Hexes
  1537 | D:3      | Reached skill level 1 in Charms
  1537 | D:3      | Reached skill level 1 in Summonings
  1537 | D:3      | Reached skill level 1 in Necromancy
  1537 | D:3      | Reached skill level 1 in Translocations
  1537 | D:3      | Reached skill level 1 in Transmutations
  1537 | D:3      | Reached skill level 1 in Fire Magic
  1537 | D:3      | Reached skill level 1 in Ice Magic
  1537 | D:3      | Reached skill level 1 in Air Magic
  1537 | D:3      | Reached skill level 1 in Earth Magic
  1537 | D:3      | Reached skill level 1 in Poison Magic
  1537 | D:3      | Reached XP level 5. HP: 19/47 MP: 8/8
  1579 | D:3      | Killed a black bear
  1939 | D:3      | Found a shattered altar of Ashenzari.
  1976 | D:3      | Reached XP level 6. HP: 53/53 MP: 9/9
  2016 | D:3      | Reached skill level 5 in Invocations
  2206 | D:3      | Reached skill level 5 in Polearms
  2206 | D:3      | Reached skill level 5 in Armour
  2459 | D:4      | Found a shimmering altar of Xom.
  2857 | D:4      | Found a staircase to the Ecumenical Temple.
  2875 | Temple   | Entered the Ecumenical Temple
  2994 | D:4      | Found a sacrificial altar of Ru.
  3161 | D:4      | Found an iron altar of Okawaru.
  3193 | D:4      | Reached XP level 7. HP: 59/59 MP: 10/10
  3777 | D:5      | Entered Level 5 of the Dungeon
  3795 | D:5      | Found a snail-covered altar of Cheibriados.
  3816 | D:5      | Reached skill level 7 in Fighting
  3841 | D:5      | Reached *** piety under Lugonu
  4043 | D:5      | Mangled by an ogre

Illustrated notes

Levels and vault maps discovered:
D:1:      doesnt_arrival_eight_statues, layout_loops_ring
D:2:      layout_basic, first_ration, glass_columns_b
D:3:      layout_loops_ring, cheibrodos_ashenzari_chains
D:4:      layout_loops_corners, nicolae_ru_sacrificial_ziggurat,
          xom_confusion_cloud, okawaru_trees_2, minmay_temple_entry_glassed_door
D:5:      layout_loops_ring, kennysheep_slug_shrine
Temple:   nicolae_temple_no_exploring_needed

Skill      XL: |  1  2  3  4  5  6  7 |
---------------+----------------------+-----
Short Blades   | 1 2 |  2.7
Long Blades    | 1 2 |  2.7
Axes           | 1 2 |  2.7
Maces & Flails | 1 2 |  2.7
Staves         | 1 2 |  2.7
Slings         | 1 2 |  2.7
Bows           | 1 2 |  2.7
Crossbows      | 1 2 |  2.7
Throwing       | 1 2 |  2.7
Stealth        | 1 2 |  2.7
Shields        | 1 2 |  2.7
Unarmed Combat | 1 2 |  2.7
Spellcasting   | 1 2 |  2.7
Evocations     | 1 2 |  2.7
Conjurations   | 1 2 |  2.2
Hexes          | 1 2 |  2.2
Charms         | 1 2 |  2.2
Summonings     | 1 2 |  2.2
Necromancy     | 1 2 |  2.2
Translocations | 1 2 |  2.2
Transmutations | 1 2 |  2.2
Fire Magic     | 1 2 |  2.2
Ice Magic      | 1 2 |  2.2
Air Magic      | 1 2 |  2.2
Earth Magic    | 1 2 |  2.2
Poison Magic   | 1 2 |  2.2
Dodging        | 3 |  3.8
Invocations    | 5 |  5.5
Polearms       | 5 |  5.4
Armour         | 5 |  5.4
Fighting       | 7 |  7.1

Action                   |  1- 3 |  4- 6 |  7- 9 || total
-------------------------+-------+-------+-------++-------
Melee: Great sword       |    40 |    72 |    26 ||   138
       Bite              |     4 |     7 |     7 ||    18
Throw: Dart              |       |    13 |     7 ||    20
Invok: Depart the Abyss  |     1 |       |       ||     1
  Use: Scroll            |     4 |     7 |       ||    11
       Potion            |       |     1 |       ||     1
 Stab: Sleeping          |       |     1 |     1 ||     2
       Distracted        |       |     1 |       ||     1
  Eat: Ration            |       |     2 |     1 ||     3
Armor: Leather armour    |    14 |    16 |     5 ||    35
Dodge: Dodged            |    41 |    75 |    25 ||   141
       Rpst.: Great sword |     7 |    18 |     8 ||    33

Table legend:
 A = Non-vault XP
 B = Vault XP
 C = Vault XP percentage of total XP
 D = Non-vault monster count
 E = Vault monster count
 F = Vault count percentage of total count
                 A         B        C        D         E       F
            +---------+---------+-------+---------+---------+-------
      Total |    1178 |      11 |   0.9 |      98 |       4 |   3.9
            +---------+---------+-------+---------+---------+-------
        D:1 |      46 |       0 |   0.0 |      21 |       0 |   0.0
        D:2 |      68 |       0 |   0.0 |      20 |       0 |   0.0
        D:3 |     343 |       0 |   0.0 |      33 |       0 |   0.0
        D:4 |     260 |       7 |   2.6 |      15 |       3 |  16.7
        D:5 |     461 |       4 |   0.9 |       9 |       1 |  10.0
            +---------+---------+-------+---------+---------+-------
